 Dungeon Crawl Stone Soup version 0.28.0-43-g3370ac3207 (webtiles) character file.

Game seed: 2805063598710393342

4 jimonade the Prestidigitator (level 1, 0/23 HPs)
             Began as a Gnoll Wanderer on Mar 20, 2022.
             Slain by a hobgoblin (5 damage)
             ... on level 1 of the Dungeon.
             The game lasted 00:02:30 (353 turns).

jimonade the Prestidigitator (Gnoll Wanderer)        Turns: 353, Time: 00:02:31

Health: 0/23       AC:  2    Str: 11    XL:     1   Next: 60%
Magic:  1/4        EV: 11    Int: 11    God:
Gold:   4          SH:  0    Dex: 11    Spells: 4/5 levels left

rFire   . . .      SeeInvis .   (no weapon)
rCold   . . .      Faith    .   (no shield)
rNeg    . . .      Spirit   .   c - +0 robe
rPois   .          Reflect  .   (no helmet)
rElec   .          Harm     .   (no cloak)
rCorr   .          Rampage  .   (no gloves)
Will    .....                   (no boots)
Stlth   +.........              (no amulet)
HPRegen 0.07/turn               (no ring)
MPRegen 0.09/turn               (no ring)

@: no status effects
A: fangs 1, strong nose, distributed training
a: no special abilities


You were on level 1 of the Dungeon.
You visited 1 branch of the dungeon, and saw 1 of its levels.

You collected 4 gold pieces.

Inventory:

Hand Weapons
 a - a +0 club
Armour
 c - a +0 robe (worn)
Scrolls
 b - a scroll of teleportation
Potions
 e - a potion of degeneration {unknown}
Miscellaneous
 d - a lightning rod (4/4)


   Skills:
 + Level 6.4 Fighting
 + Level 0.1 Short Blades
 + Level 0.1 Long Blades
 + Level 0.1 Axes
 + Level 0.1 Maces & Flails
 + Level 0.1 Polearms
 + Level 0.1 Staves
 + Level 0.1 Slings
 + Level 0.1 Bows
 + Level 0.1 Crossbows
 + Level 0.1 Throwing
 + Level 2.4 Armour
 + Level 0.1 Dodging
 + Level 0.1 Stealth
 + Level 0.1 Shields
 + Level 0.1 Unarmed Combat
 + Level 2.6 Spellcasting
 + Level 0.1 Conjurations
 + Level 2.0 Hexes
 + Level 0.1 Summonings
 + Level 0.1 Necromancy
 + Level 0.1 Translocations
 + Level 0.1 Transmutations
 + Level 0.1 Fire Magic
 + Level 0.1 Ice Magic
 + Level 0.1 Air Magic
 + Level 0.1 Earth Magic
 + Level 0.1 Poison Magic
 + Level 0.2 Invocations
 + Level 8.4 Evocations


You had 4 spell levels left.
You knew the following spells:

 Your Spells              Type           Power      Damage    Failure   Level
a - Slow                  Hex            20%        N/A       12%         1

Your spell library contained the following spells:

 Spells                   Type           Power      Damage    Failure   Level
 Inner Flame              Hex/Fire       3%         N/A       47%         3


Dungeon Overview and Level Annotations

Branches:
Dungeon (1/15)

Altars:


Innate Abilities, Weirdness & Mutations

You have very sharp teeth.
Your uncanny sense of smell can sniff out nearby items.
Your experience applies equally to all skills.


Message History

The frilled lizard hisses.
The hobgoblin hits you.
You barely miss the hobgoblin. You hit the hobgoblin.
The hobgoblin is moderately wounded.
The hobgoblin hits you.
You hit the hobgoblin but do no damage. Your bite misses the hobgoblin.
The hobgoblin is moderately wounded.
The hobgoblin is no longer moving slowly.
You closely miss the hobgoblin.
The hobgoblin is moderately wounded.
The hobgoblin hits you.
You barely miss the hobgoblin.
The hobgoblin is moderately wounded.
The hobgoblin misses you.
You hit the hobgoblin.
The hobgoblin is severely wounded.
The hobgoblin hits you.
You hit the hobgoblin but do no damage.
The hobgoblin is severely wounded.
The hobgoblin hits you.
You hit the hobgoblin but do no damage.
You bite the hobgoblin, but do no damage.
The hobgoblin is severely wounded.
The hobgoblin completely misses you.
Your magical contamination has completely faded away.
You barely miss the hobgoblin.
The hobgoblin is severely wounded.
The hobgoblin hits you.
You closely miss the hobgoblin.
The hobgoblin is severely wounded.
The hobgoblin hits you.
* * * LOW HITPOINT WARNING * * *
You barely miss the hobgoblin.
The hobgoblin is severely wounded.
The hobgoblin hits you but does no damage.
You barely miss the hobgoblin.
The hobgoblin is severely wounded.
The hobgoblin hits you.
You die...

######### #.......#
#.......# #.......#
##.......#
######........######
###.............@gl..###
#...####........####...#
................#......#
.......##########.8.8..#
##.....# #.#+#.###
8#.....# ... #...#
##..#..# #.# ###.#
8#.###รท# #. #.#
##.###.# # #.#


You could see a hobgoblin and a frilled lizard.

Vanquished Creatures
  2 endoplasms (D:1)
  A hobgoblin (D:1)
3 creatures vanquished.

Notes
Turn   | Place    | Note
-------+----------+-------------------------------------------
     0 | D:1      | jimonade the Gnoll Wanderer began the quest for the Orb.
     0 | D:1      | jimonade set off with the following items: a +0 club, a
                  | scroll of teleportation, a +0 robe, a lightning rod (4/4);
                  | and the following spell memorised: Slow; and the following
                  | spells available to memorise: Inner Flame
     0 | D:1      | Reached XP level 1. HP: 23/23 MP: 4/4
   353 | D:1      | Slain by a hobgoblin

Illustrated notes

Levels and vault maps discovered:
D:1:      heliophobic_arrival_ceremonial_halls, layout_rooms,
          dreamdust_ecumenical_altar_angels_and_demons

Skill      XL: |  1 |
---------------+----+-----
Hexes          | 2 |  2.0
Fighting       | |  6.4
Short Blades   | |  0.1
Long Blades    | |  0.1
Axes           | |  0.1
Maces & Flails | |  0.1
Polearms       | |  0.1
Staves         | |  0.1
Slings         | |  0.1
Bows           | |  0.1
Crossbows      | |  0.1
Throwing       | |  0.1
Armour         | |  2.4
Dodging        | |  0.1
Stealth        | |  0.1
Shields        | |  0.1
Unarmed Combat | |  0.1
Spellcasting   | |  2.6
Conjurations   | |  0.1
Summonings     | |  0.1
Necromancy     | |  0.1
Translocations | |  0.1
Transmutations | |  0.1
Fire Magic     | |  0.1
Ice Magic      | |  0.1
Air Magic      | |  0.1
Earth Magic    | |  0.1
Poison Magic   | |  0.1
Invocations    | |  0.2
Evocations     | |  8.4

Action                   || total
-------------------------++-------
Melee: Unarmed           ||    36
       Bite              ||     2
 Cast: Slow              ||     6
Armor: Robe              ||     4
Dodge: Dodged            ||    10
